 Dungeon Crawl Stone Soup version 0.27-a0-203-gd48b2df3c9 (webtiles) character file.

Game seed: 16063250647701134419

20029 wakim the Fighter (level 12, -12/110 HPs)
             Began as a Green Draconian Ice Elementalist on Jan 30, 2021.
             Was an Elder of Vehumet.
             Mangled by a skeletal warrior
             ... wielding a +0 war axe of electrocution
             ... led by a skeletal warrior
              (30 damage)
             ... on level 11 of the Dungeon.
             The game lasted 00:55:49 (12902 turns).

wakim the Fighter (DrIE)                           Turns: 12902, Time: 00:55:50

Health: -12/110    AC: 23    Str: 10    XL:     12   Next: 41%
Magic:  17/32      EV: 18    Int: 29    God:    Vehumet [****..]
Gold:   291        SH:  0    Dex: 17    Spells: 10/26 levels left

rFire    . . .     SeeInvis .   a - +10 scimitar of Forced Transition {vorpal, Int+7}
rCold    . . .     Faith    .   (no shield)
rNeg     . . .     Spirit   .   (armour unavailable)
rPois    +         Reflect  .   (helmet restricted)
rElec    .         Harm     .   x - +2 cloak {rPois}
rCorr    +         Rampage  .   v - +0 pair of gloves
Will     .....                  m - +1 pair of boots
Stlth    ++........             (no amulet)
HPRegen  0.28/turn              g - ring of resist corrosion
MPRegen  0.23/turn              c - ring of Ciubin {MP+9 Dex+6}

@: icy armour, about to teleport
A: breathe noxious fumes, unfitting armour, poison resistance, cold-blooded, AC
+8
a: Breathe Noxious Fumes, Renounce Religion


You were on level 11 of the Dungeon.
You worshipped Vehumet.
Vehumet was greatly pleased with you.
You visited 2 branches of the dungeon, and saw 12 of its levels.

You collected 635 gold pieces.
You spent 344 gold pieces at shops.

Inventory:

Hand Weapons
 a - the +10 scimitar of Forced Transition (weapon) {vorpal, Int+7}
   (You found it on level 6 of the Dungeon)

   It inflicts extra damage upon your enemies.
   It affects your intelligence (+7).
 b - a +5 rapier of protection
 l - the +6 hand axe of Duty {holy, Int+4 Dex+6}
   (You found it on level 10 of the Dungeon)

   It has been blessed by the Shining One to cause great damage to the undead
   and demons.
   It affects your intelligence (+4).
   It affects your dexterity (+6).
Armour
 m - a +1 pair of boots (worn)
 v - a +0 pair of gloves (worn)
 x - a +2 cloak of poison resistance (worn)
Jewellery
 c - the ring of Ciubin (right hand) {MP+9 Dex+6}
   (You found it on level 10 of the Dungeon)

   [ring of dexterity]

   It affects your dexterity (+6).
   It affects your magic capacity (+9).
 e - an uncursed ring of ice
 g - a ring of resist corrosion (left hand)
 p - an uncursed amulet of faith {unknown}
Scrolls
 d - a scroll of identify
 f - a scroll of fear
 j - 2 scrolls of enchant weapon
 k - 5 scrolls of teleportation
 n - 4 scrolls of magic mapping
 C - a scroll of enchant armour
 D - a scroll of blinking
Potions
 h - 3 potions of magic
 i - 10 potions of curing
 o - a potion of attraction {unknown}
 q - 2 potions of brilliance


   Skills:
 + Level 11.5 Fighting
 - Level 7.0 Long Blades
 - Level 8.0 Dodging
 - Level 1.7 Stealth
 + Level 2.9 Unarmed Combat
 * Level 7.6 Spellcasting
 - Level 6.0 Conjurations
 - Level 4.0 Summonings
 - Level 5.0 Transmutations
 - Level 8.0 Ice Magic


You had 10 spell levels left.
You knew the following spells:

 Your Spells              Type           Power        Failure   Level
a - Hailstorm             Conj/Ice       51%          1%          4
b - Frozen Ramparts       Ice            100%         1%          3
c - Ozocubu's Armour      Ice            55%          1%          3
d - Searing Ray           Conj           90%          1%          2
e - Summon Ice Beast      Ice/Summ       45%          4%          4

Your spell library contained the following spells:

 Spells                   Type           Power        Failure   Level
 Olgreb's Toxic Radiance  Pois           11%          13%         4
 Beastly Appendage        Tmut           80%          1%          1
 Freeze                   Ice            100%         1%          1
 Wereblood                Tmut           40%          1%          2
 Ice Form                 Ice/Tmut       48%          3%          4
 Spider Form              Tmut/Pois      12%          4%          3
 Irradiate                Conj/Tmut      21%          4%          5
 Blade Hands              Tmut           20%          17%         5
 Hydra Form               Tmut           20%          67%         6
 Statue Form              Tmut/Erth      16%          95%         6
 Dragon Form              Tmut           20%          99%         7


Dungeon Overview and Level Annotations

Branches:
Dungeon (11/15)            Temple (1/1) D:7             Orc (0/2) D:9
   Lair: D:8-11

Altars:
Cheibriados
Dithmenos
Fedhas
Gozag
Hepliaklqana
Kikubaaqudgha
Makhleb
Nemelex Xobeh
Okawaru
Ru
Trog
Uskayaw
Vehumet
Yredelemnul
Zin
The Shining One
Jiyva

Shops:
D:7 [   D:8 =

Annotations:
D:9 1 runed translucent door, vurker's ghost, novice FoHu
D:11 exclusion: 2 oklob plants


Innate Abilities, Weirdness & Mutations

You can breathe blasts of noxious fumes.
Your lurid green scales are hard. (AC +8)
You cannot fit into any form of body armour.
Your system is resistant to poisons. (rPois)
You are cold-blooded and may be slowed by cold attacks.


Message History

The wraith resists.
The wall freezes the wraith.
Casting: Hailstorm (mildly dangerous; 1% risk of failure)
Confirm with . or Enter, or press ? or * to list all spells.
Okay, then.
Casting: Hailstorm (mildly dangerous; 1% risk of failure)
Confirm with . or Enter, or press ? or * to list all spells.
A chill wind blows around you.
The wraith resists.
The wall freezes the wraith.
The skeletal warrior resists.
The wall freezes the skeletal warrior.
The skeletal warrior misses you.
The wraith resists.
The wall freezes the wraith.
The skeletal warrior resists.
The wall freezes the skeletal warrior.
The skeletal warrior misses you.
Casting: Summon Ice Beast (dangerous; 4% risk of failure)
Confirm with . or Enter, or press ? or * to list all spells.
Okay, then.
You hit the skeletal warrior.
You tail-slap the skeletal warrior, but do no damage.
The skeletal warrior is heavily damaged.
The frozen ramparts melt away.
The skeletal warrior hits you with a +0 war axe of electrocution!!
You die...

............#
...........## ..
............# ...
........###.# #...
.....#### #.## #...
)##### ##..## ##..#
.#####
###....###...#
.....###......).Y.#
...............#@##
..............(#zz#
##...........<###WW.
###.........)##
#.... #####.......##
...... .###.......##
...... ..#...#...##
..... ....#######
....# ...##


You could see 2 skeletal warriors, 2 wraiths and a friendly ice beast
(summoned).

Vanquished Creatures
  Josephine (D:11)
  Harold (D:7)
  Fannar (D:11)
  2 centaur warriors
  5 two-headed ogres
  A tengu warrior (D:10)
  Sonja (D:11)
  A skeletal warrior (D:11)
  An unseen horror (D:10)
  Pikel (D:7)
  An orc knight (D:10)
  A wolf spider (D:8)
  A manticore (shapeshifter) (D:8)
  A centaur skeleton (D:9)
  A freezing wraith (D:8)
  A meliai (D:10)
  2 trolls
  A hornet (D:9)
  Grinder (D:6)
  A vampire (D:9)
  2 wraiths (D:11)
  Sigmund (D:2)
  A shadow (D:10)
  12 yaks
  4 wargs (D:9)
  2 acid dragons
  Menkaure (D:5)
  A water moccasin (D:8)
  2 sky beasts
  An eye of draining (D:10)
  2 ice beasts
  5 orc warriors
  3 phantoms
  A necrophage (D:7)
  3 centaurs
  8 ogres
  3 lemures (D:7)
  3 big kobolds
  7 bullfrogs
  Blork the orc (D:4)
  A water moccasin zombie (D:8)
  2 scorpions
  4 killer bees
  2 bullfrog zombies
  6 jellies
  6 hounds
  3 orc priests
  A bullfrog skeleton (D:8)
  Jessica (D:3)
  Ijyb (D:3)
  Terence (D:3)
  7 iguanas
  5 orc wizards
  8 worker ants
  A killer bee zombie (D:7)
  A hound zombie (D:5)
  3 hound skeletons
  4 gnolls (D:10)
  13 adders
  A howler monkey skeleton (D:4)
  3 shadow imps
  5 white imps
  2 ufetubi
  5 oozes
  An adder zombie (D:7)
  2 worms (D:3)
  3 dart slugs
  3 leopard geckos
  28 orcs
  2 giant cockroaches
  5 goblins
  5 hobgoblins
  9 jackals
  5 quokkas
  A ball python (D:8)
  10 bats
  4 frilled lizards
  22 kobolds
  2 leopard gecko skeletons
  A quokka skeleton (D:4)
  4 rats
282 creatures vanquished.

Vanquished Creatures (collateral kills)
  A worker ant (D:11)
1 creature vanquished.

Vanquished Creatures (others)
  An unseen horror (D:10)
  6 plants (D:11)
7 creatures vanquished.

Grand Total: 290 creatures vanquished

Notes
Turn   | Place    | Note
-------+----------+-------------------------------------------
     0 | D:1      | wakim the Draconian Ice Elementalist began the quest for
                  | the Orb.
     0 | D:1      | Reached XP level 1. HP: 14/14 MP: 3/3
   335 | D:1      | Reached XP level 2. HP: 20/20 MP: 3/5
   901 | D:1      | Reached XP level 3. HP: 21/26 MP: 6/6
   967 | D:1      | Learned a level 3 spell: Frozen Ramparts
  1071 | D:2      | Found a glowing golden altar of the Shining One.
  1220 | D:2      | Found a sacrificial altar of Ru.
  1222 | D:2      | Found a sparkling altar of Nemelex Xobeh.
  1281 | D:2      | Found a burning altar of Makhleb.
  1283 | D:2      | Found a basalt altar of Yredelemnul.
  1407 | D:2      | Noticed Sigmund
  1428 | D:2      | Killed Sigmund
  1429 | D:2      | Reached skill level 5 in Ice Magic
  1429 | D:2      | Reached XP level 4. HP: 5/33 MP: 0/8
  1429 | D:2      | Reached XP level 5. HP: 6/38 MP: 0/9
  1702 | D:2      | Found a hide-covered altar of Uskayaw.
  1817 | D:2      | Found a shadowy altar of Dithmenos.
  2106 | D:3      | Reached XP level 6. HP: 40/45 MP: 6/11
  2196 | D:3      | Noticed Jessica
  2221 | D:3      | Killed Jessica
  2361 | D:3      | Noticed an orc warrior
  2375 | D:3      | Killed an orc warrior
  2654 | D:3      | Noticed Ijyb
  2665 | D:3      | Killed Ijyb
  2817 | D:3      | Noticed Terence
  2830 | D:3      | Killed Terence
  2892 | D:3      | Learned a level 3 spell: Ozocubu's Armour
  3051 | D:3      | Your scales start taking on a lurid green colour.
  3051 | D:3      | Reached XP level 7. HP: 48/50 MP: 6/12
  3051 | D:3      | Gained mutation: Your system is resistant to poisons.
                  | (rPois) [Green Draconian growth]
  3303 | D:4      | Found an iron altar of Okawaru.
  3306 | D:4      | Noticed Blork the orc
  3363 | D:4      | Killed Blork the orc
  3911 | D:4      | Reached skill level 1 in Conjurations
  3993 | D:4      | Reached skill level 1 in Summonings
  4771 | D:5      | Entered Level 5 of the Dungeon
  5001 | D:5      | Reached XP level 8. HP: 57/57 MP: 7/14
  5090 | D:5      | Noticed Menkaure
  5506 | D:5      | Killed Menkaure
  6050 | D:5      | Learned a level 4 spell: Hailstorm
  6055 | D:5      | Learned a level 4 spell: Summon Ice Beast
  6458 | D:6      | Got a bloodstained scimitar
  6459 | D:6      | Identified the +10 scimitar of Forced Transition {vorpal,
                  | Int+7} (You found it on level 6 of the Dungeon)
  6518 | D:6      | Got a blackened hand crossbow
  6531 | D:6      | Identified the cursed +1 hand crossbow "Dumoj" {venom,
                  | +Fly} (You found it on level 6 of the Dungeon)
  6571 | D:6      | Found a radiant altar of Vehumet.
  6575 | D:6      | Reached skill level 1 in Fighting
  6606 | D:6      | Became a worshipper of Vehumet
  7119 | D:6      | Noticed Grinder
  7127 | D:6      | Killed Grinder
  7128 | D:6      | Reached skill level 2 in Fighting
  7128 | D:6      | Reached skill level 1 in Long Blades
  7313 | D:7      | Noticed Harold
  7331 | D:7      | Killed Harold
  7332 | D:7      | Reached skill level 4 in Fighting
  7332 | D:7      | Reached skill level 5 in Dodging
  7332 | D:7      | Reached skill level 5 in Spellcasting
  7332 | D:7      | Reached XP level 9. HP: 39/72 MP: 8/16
  7530 | D:7      | Found a staircase to the Ecumenical Temple.
  7546 | Temple   | Entered the Ecumenical Temple
  7713 | D:7      | Noticed a troll
  7723 | D:7      | Noticed Pikel
  7728 | D:7      | Killed a troll
  7729 | D:7      | Reached skill level 5 in Fighting
  7730 | D:7      | Killed Pikel
  7731 | D:7      | Reached skill level 6 in Fighting
  7882 | D:7      | Found Rodd's Armour Shop.
  7887 | D:7      | Bought a +0 pair of gloves for 67 gold pieces
  7887 | D:7      | Bought a +2 cloak of poison resistance for 277 gold pieces
  7987 | D:8      | Reached * piety under Vehumet
  7987 | D:8      | Offered knowledge of Magic Dart by Vehumet.
  8025 | D:8      | Found Kiusk's Jewellery Shop.
  8202 | D:8      | Reached skill level 7 in Fighting
  8202 | D:8      | Reached XP level 10. HP: 86/86 MP: 17/17
  8226 | D:8      | Found an opulent altar of Gozag.
  8343 | D:8      | Noticed a two-headed ogre
  8349 | D:8      | Killed a two-headed ogre
  8711 | D:8      | Noticed a centaur warrior
  8719 | D:8      | Killed a centaur warrior
  8720 | D:8      | Reached skill level 8 in Fighting
  8726 | D:8      | Noticed a two-headed ogre
  8731 | D:8      | Noticed a manticore
  8731 | D:8      | a two-headed ogre changed into a manticore
  8738 | D:8      | Killed a manticore
  8739 | D:8      | Reached skill level 5 in Long Blades
  9189 | D:8      | Noticed a wolf spider
  9195 | D:8      | Killed a wolf spider
  9196 | D:8      | Reached skill level 9 in Fighting
  9337 | D:9      | Noticed a two-headed ogre
  9348 | D:9      | Killed a two-headed ogre
  9348 | D:9      | Reached ** piety under Vehumet
  9362 | D:9      | Found an iron altar of Okawaru.
  9416 | D:9      | Offered knowledge of Searing Ray by Vehumet.
  9446 | D:9      | Learned a level 2 spell: Searing Ray
  9446 | D:9      | Found a bloodstained altar of Trog.
  9491 | D:9      | Found a staircase to the Orcish Mines.
  9511 | D:9      | Reached XP level 11. HP: 86/99 MP: 17/19
  9574 | D:9      | Found a runed translucent door.
  9619 | D:9      | Noticed a two-headed ogre
  9629 | D:9      | Killed a two-headed ogre
  9630 | D:9      | Reached skill level 10 in Fighting
  9630 | D:9      | Reached skill level 1 in Transmutations
 10054 | D:9      | Noticed vurker's ghost (novice FoHu)
 10271 | D:9      | Found an opulent altar of Gozag.
 10274 | D:9      | Found a glowing silver altar of Zin.
 10851 | D:10     | Entered Level 10 of the Dungeon
 10960 | D:10     | Noticed a sea snake
 10988 | D:10     | Noticed a two-headed ogre
 10998 | D:10     | Killed a two-headed ogre
 10998 | D:10     | Offered knowledge of Dazzling Flash by Vehumet.
 11220 | D:10     | Reached *** piety under Vehumet
 11286 | D:10     | Noticed a centaur warrior
 11287 | D:10     | Noticed a tengu warrior
 11290 | D:10     | Killed an unseen horror
 11290 | D:10     | Killed an unseen horror
 11291 | D:10     | Reached skill level 5 in Conjurations
 11296 | D:10     | Killed a tengu warrior
 11299 | D:10     | Killed a centaur warrior
 11301 | D:10     | Reached skill level 11 in Fighting
 11331 | D:10     | Offered knowledge of Sticky Flame by Vehumet.
 11409 | D:10     | Got a brightly glowing hand axe
 11410 | D:10     | Identified the +6 hand axe of Duty {holy, Int+4 Dex+6} (You
                  | found it on level 10 of the Dungeon)
 11430 | D:10     | Noticed an orc knight
 11438 | D:10     | Killed an orc knight
 12008 | D:10     | Got a transparent iron ring
 12009 | D:10     | Identified the ring of Ciubin {MP+9 Dex+6} (You found it on
                  | level 10 of the Dungeon)
 12240 | D:11     | Noticed Fannar
 12263 | D:11     | Killed Fannar
 12264 | D:11     | Reached skill level 1 in Unarmed Combat
 12264 | D:11     | Reached XP level 12. HP: 46/110 MP: 22/22
 12538 | D:11     | Noticed a two-headed ogre
 12552 | D:11     | Killed a two-headed ogre
 12606 | D:11     | Noticed Sonja
 12615 | D:11     | Killed Sonja
 12615 | D:11     | Reached **** piety under Vehumet
 12628 | D:11     | Offered knowledge of Olgreb's Toxic Radiance by Vehumet.
 12889 | D:11     | Noticed Josephine
 12899 | D:11     | Killed Josephine
 12900 | D:11     | Reached skill level 5 in Transmutations
 12902 | D:11     | Mangled by a skeletal warrior

Illustrated notes

Levels and vault maps discovered:
D:1:      minmay_arrival_open_corners, layout_basic
D:2:      layout_basic, nicolae_overflow_hidden_temple, lemuel_doored_altar,
          tso_metal_star, grunt_temple_overflow_open, uniq_sigmund
D:3:      minmay_chambers_of_threes, layout_basic, uniq_ijyb, uniq_terence,
          uniq_jessica
D:4:      layout_cave_pods, okawaru_ov_weapons_minmay, uniq_blork_the_orc
D:5:      layout_loops_ring, kennysheep_generic_room_6, uniq_menkaure
D:6:      layout_loops_ring, nicolae_overflow_crystal_walls,
          kennysheep_minor_cross, kennysheep_generic_room_9, uniq_grinder
D:7:      lemuel_ice_spiral_2, layout_rooms, minmay_temple_entry_proselytizer,
          serial_shops, shop_fountains, uniq_harold, uniq_pikel
D:8:      nzn_winding_woodlands_stair_cross [nzn_winding_woodlands_5x15_jagged,
          nzn_winding_woodlands_center_triple_pond,
          nzn_winding_woodlands_5x15_sawtooth,
          nzn_winding_woodlands_5x5_closed_star,
          nzn_winding_woodlands_5x5_default, nzn_winding_woodlands_5x15_twine,
          nzn_winding_woodlands_center_lodge,
          nzn_winding_woodlands_5x15_sidewinder], layout_gridville,
          serial_shops, shop_statue, nicolae_gozag_seed_capital
D:9:      cheibrodos_elevator_heist, layout_irregular_city,
          grunt_temple_overflow_gold_and_silver, overflow_temple_1_default,
          general_overflow_altar, minmay_orc_entry_guard_dogs,
          serial_co_window_serial, co_window_paths_b, co_window_paths_b,
          co_window_of_opportunity_a, co_window_corner_a, co_window_corner_a,
          co_window_paths_b, co_window_paths_a, co_window_cross_3,
          co_window_of_opportunity_b, co_window_broadway_a, co_window_corner_b,
          glass_columns_a, ebering_ghost_reflecting_pool
D:10:     minmay_the_grid_3x3 [minmay_the_grid_holed_spiral,
          minmay_the_grid_minigrid_small_alt, minmay_the_grid_zigzag_pyramid,
          minmay_the_grid_armoury, minmay_the_grid_spin_star,
          minmay_the_grid_all_tris, minmay_the_grid_plusring,
          minmay_the_grid_outer_circle, minmay_the_grid_prize_trominoes],
          layout_rooms, serial_aquarium, aquarium_bridge_square
          [aquarium_subvault_bridge, aquarium_subvault_balcony,
          aquarium_subvault_wall, aquarium_subvault_window],
          aquarium_window_corridor_1, aquarium_window_fake,
          aquarium_window_fake, aquarium_window_corner, aquarium_view_2c,
          aquarium_view_2d, aquarium_balcony_3a, aquarium_pool_split
D:11:     layout_cave_pods, dpeg_oklobed_lair, maelrawn_ghost_gauntlet_escape,
          uniq_fannar, uniq_josephine, uniq_sonja
Temple:   pf_slime_end_temple

Skill      XL: |  1  2  3  4  5  6  7  8  9 10 11 12 |
---------------+-------------------------------------+-----
Dodging        | 2 3 4 5 6 7 8 |  8.0
Spellcasting   | 3 4 5 6 7 |  7.6
Ice Magic      | 5 6 7 8 |  8.0
Conjurations   | 2 3 4 5 6 |  6.0
Summonings     | 1 3 4 |  4.0
Fighting       | 4 7 9 11 | 11.5
Long Blades    | 2 3 5 7 |  7.0
Transmutations | 3 5 |  5.0
Unarmed Combat | 1 2 |  2.9
Stealth        | |  1.7

Action                   |  1- 3 |  4- 6 |  7- 9 | 10-12 || total
-------------------------+-------+-------+-------+-------++-------
Melee: Dagger            |    61 |    32 |   103 |       ||   196
       Tailslap          |     8 |     3 |    22 |    26 ||    59
       Scythe            |       |     3 |    65 |       ||    68
       Scimitar          |       |       |    43 |   211 ||   254
       Quarterstaff      |       |       |     3 |       ||     3
       Punch             |       |       |       |     1 ||     1
 Cast: Freeze            |    29 |       |     1 |       ||    30
       Frozen Ramparts   |     8 |    25 |    39 |    39 ||   111
       Ozocubu's Armour  |       |       |     7 |    24 ||    31
       Hailstorm         |       |       |     1 |    13 ||    14
       Summon Ice Beast  |       |       |       |     3 ||     3
 Abil: Breathe Noxious F |       |       |    12 |     8 ||    20
  Use: Scroll            |       |       |    14 |    10 ||    24
       Potion            |       |       |       |     4 ||     4
 Stab: Confused          |       |       |     2 |     3 ||     5
       Sleeping          |       |       |     2 |     2 ||     4
       Distracted        |       |       |       |     1 ||     1
Armor: Skin              |    25 |     9 |    71 |   119 ||   224
Dodge: Dodged            |    59 |    20 |   144 |   190 ||   413
       Rpst.: Scimitar   |       |       |    10 |    53 ||    63

Table legend: (Time is in decaauts)
 A = Elapsed time spent in this place.
 B = Non-inter-level travel time spent in this place.
 C = Inter-level travel time spent in this place.
 D = Time resting spent in this place.
 E = Time spent auto-exploring this place.
 F = Levels seen in this place.
 G = Mean time per level.
                   A        B        C        D        E       F      G
               +--------+--------+--------+--------+--------+-----+--------+
         Total |  13001 |  12575 |    426 |   4474 |   5498 |  12 | 1083.4 |
       Dungeon |  12890 |  12473 |    417 |   4474 |   5398 |  11 | 1171.8 |
        Temple |    110 |    101 |      9 |      0 |    100 |   1 |  110.0 |
               +--------+--------+--------+--------+--------+-----+--------+

Top non-repeatable levels by time:
     D:4: 1803 daAuts
     D:9: 1535 daAuts
     D:3: 1437 daAuts
    D:10: 1390 daAuts
     D:8: 1358 daAuts
     D:6: 1283 daAuts
     D:5: 1052 daAuts
     D:2: 984 daAuts
     D:1: 967 daAuts
    D:11: 670 daAuts
     D:7: 407 daAuts
  Temple: 110 daAuts
